 Dungeon Crawl Stone Soup version 0.28-a0-245-g639a1a48b9 (webtiles) character file.

Game seed: 16522074227502204986

1479 Froggeryz the Slicer (level 8, -2/49 (52) HPs)
             Began as an Octopode Berserker on Aug 25, 2021.
             Was an Elder of Trog.
             Slain by a wight (18 damage)
             ... on level 7 of the Dungeon.
             The game lasted 00:05:33 (5624 turns).

Froggeryz the Slicer (Octopode Berserker)           Turns: 5624, Time: 00:05:34

HP:   -2/49 (52)    AC:  5    Str: 16    XL:     8   Next: 79%
MP:   8/8           EV: 18    Int:  9    God:    Trog [****..]
Gold: 322           SH:  0    Dex: 14    Spells: 7/7 levels left

rFire   . . .      SeeInvis .   y - +1 dagger (venom)
rCold   . . .      Faith    +   (no shield)
rNeg    . . .      Spirit   .   (helmet restricted)
rPois   .          Reflect  .   n - amulet of faith
rElec   .          Harm     .   k - +4 ring of evasion
rCorr   .          Rampage  .   m - +4 ring of protection
Will    .....                   (no ring)
Stlth   +++++.....              (no ring)
HPRegen 0.16/turn               (no ring)
MPRegen 0.11/turn               (no ring)
                                (no ring)
                                (no ring)

@: drained
A: almost no armour, amphibious, 8 rings, camouflage 1, gelatinous body 1,
(nimble swimmer 1), tentacles
a: Renounce Religion, Berserk, Trog's Hand, Brothers in Arms


You were on level 7 of the Dungeon.
You worshipped Trog.
Trog was greatly pleased with you.
You visited 1 branch of the dungeon, and saw 7 of its levels.

You collected 322 gold pieces.

Inventory:

Hand Weapons
 y - a +1 dagger of venom (weapon)
Missiles
 c - 16 boomerangs (quivered)
 u - 2 javelins
 v - 23 poisoned darts
 w - 3 curare-tipped darts
Jewellery
 k - a +4 ring of evasion (left tentacle)
 m - a +4 ring of protection (right tentacle)
 n - an amulet of faith (around mantle)
Wands
 x - a wand of acid (7)
 z - a wand of flame (16)
Scrolls
 e - a scroll of fog {unknown}
 f - 2 scrolls of blinking {unknown}
 g - 2 scrolls of vulnerability {unknown}
 h - a scroll of noise {unknown}
 l - 2 scrolls of teleportation
 A - a scroll of enchant weapon
Potions
 a - a potion of mutation {unknown}
 b - 3 potions of flight
 i - a potion of berserk rage {unknown}
 j - a potion of resistance
 o - a potion of attraction {unknown}
 p - a potion of might {unknown}
 q - 2 potions of curing {unknown}
 s - a potion of haste {unknown}
 t - a potion of magic {unknown}
 B - a potion of ambrosia {unknown}
 C - a potion of brilliance {unknown}


   Skills:
 - Level 3.0 Fighting
 * Level 9.2 Short Blades
 - Level 3.0 Dodging
 + Level 8.5 Stealth


You had 7 spell levels left.
You didn't know any spells.
Your spell library was empty.

Dungeon Overview and Level Annotations

Branches:
Dungeon (7/15)             Temple (0/1) D:4

Altars:
Ashenzari
Hepliaklqana
Qazlal
Sif Muna
Xom
Yredelemnul

Shops:
D:1 ?

Annotations:
D:5 2 transporters


Innate Abilities, Weirdness & Mutations

You cannot wear most types of armour.
You are amphibious.
You can wear up to eight rings at the same time.
Your skin changes colour to match your surroundings (Stealth+).
Your rubbery body absorbs attacks. (AC +1, EV +1)
((You are camouflaged near water. (Stealth+)))
You have tentacles for arms and can constrict up to eight enemies at once.


Message History

Trog accepts your kill.
Your life force feels restored.
The wight barely misses you. The wight hits you with a +0 spear!
You feel drained.
There is a stone staircase leading up, spattered with blood here.
The wight closely misses you.
You climb upwards.
There is a stone staircase leading down here.
You hit the wight but do no damage. You grab the wight.
You constrict the wight. You hit the wight but do no damage.
The wight is lightly damaged.
You constrict the wight, but do no damage.
The wight completely misses you.
You hit the wight but do no damage. You squeeze the wight!
The wight is severely damaged.
You constrict the wight. You hit the wight.
The wight is almost destroyed.
You constrict the wight.
You destroy the wight!
Trog accepts your kill.
Things that are here:
a +0 spear; a +0 robe
Things that are here:
a +0 spear; a +0 robe
There is a stone staircase leading down here.
You start resting.
HP restored.
You climb downwards.
The wight hits you with a +1 great sword!
The wight completely misses you.
The wight hits you with a +2 dire flail of freezing.
The wight freezes you.
The wight hits you with a +1 great sword!
You feel drained.
There is a stone staircase leading up, spattered with blood here.
You are too injured to fight recklessly!
The wight hits you with a +2 dire flail of freezing!!
You die...

#......##..#.<..............>#..#
#########..#.................#..'
#.......#..#.................##'#
#.......'..#....############.....
#.......#'##....+.......# #.....
#...............#.......# #.....
#...............#.###..## .#.....
#...........#'###.#######..#.....
########....#..z@......†...#.....
#....#..z[......##..#.....
#....#..z.......# ##+###
##+###.....##...# ########...#
#...# +...## .# #....#....
#zzz......


You could see 3 wights.

Vanquished Creatures
  A water moccasin (D:5)
  An orc warrior (D:6)
  A sky beast (D:7)
  An ice beast (D:5)
  2 bullfrogs
  3 scorpions
  A water moccasin skeleton (D:5)
  2 wights
  2 jellies
  4 orc priests
  A bullfrog skeleton (D:5)
  3 iguanas
  4 orc wizards
  Natasha (thrice) (D:2)
  A killer bee zombie (D:6)
  2 adders
  A gnoll (D:1)
  3 white imps
  An adder skeleton (D:4)
  3 worms
  2 dart slugs
  22 orcs
  9 ball pythons
  12 endoplasms
  6 giant cockroaches
  10 goblins
  9 hobgoblins
  7 kobolds
  4 quokkas
  4 bats
  7 frilled lizards
  5 rats
137 creatures vanquished.

Notes
Turn   | Place    | Note
-------+----------+-------------------------------------------
     0 | D:1      | Froggeryz the Octopode Berserker began the quest for the
                  | Orb.
     0 | D:1      | Reached XP level 1. HP: 16/16 MP: 1/1
   132 | D:1      | Reached skill level 1 in Stealth
   135 | D:1      | Reached XP level 2. HP: 21/21 MP: 2/2
   382 | D:1      | Found Qoryhec's Magic Scroll Boutique.
   550 | D:1      | Reached XP level 3. HP: 26/26 MP: 3/3
   554 | D:1      | Reached ** piety under Trog
   562 | D:1      | Reached skill level 4 in Short Blades
   890 | D:1      | Found a faded altar of an unknown god.
  1362 | D:2      | Noticed Natasha
  1371 | D:2      | Killed Natasha
  1372 | D:2      | Reached XP level 4. HP: 23/31 MP: 4/4
  1389 | D:2      | Noticed Natasha
  1409 | D:2      | Killed Natasha
  1556 | D:2      | Noticed Natasha
  1567 | D:2      | Killed Natasha
  1568 | D:2      | Reached XP level 5. HP: 28/36 MP: 5/5
  1814 | D:2      | Reached skill level 5 in Short Blades
  2272 | D:3      | Found a shimmering altar of Xom.
  2273 | D:3      | Found a basalt altar of Yredelemnul.
  2273 | D:3      | Found a broken altar of Ashenzari.
  2274 | D:3      | Found a hazy altar of Hepliaklqana.
  2395 | D:3      | Reached *** piety under Trog
  2736 | D:4      | Found a shimmering blue altar of Sif Muna.
  2866 | D:4      | Found a staircase to the Ecumenical Temple.
  2877 | D:4      | Reached XP level 6. HP: 42/42 MP: 6/6
  2997 | D:4      | Reached skill level 6 in Short Blades
  3239 | D:5      | Entered Level 5 of the Dungeon
  3243 | D:5      | Reached skill level 5 in Stealth
  3291 | D:5      | Noticed a water moccasin
  3300 | D:5      | Killed a water moccasin
  3301 | D:5      | Reached XP level 7. HP: 20/46 MP: 7/7
  3311 | D:5      | Reached **** piety under Trog
  3316 | D:5      | HP: 3/69 [poisoned by an orc wizard]
  3320 | D:5      | Reached skill level 7 in Short Blades
  3321 | D:5      | HP: 2/69 [poisoned by an orc wizard]
  3613 | D:5      | Identified the +4 long sword of Sunlight {freeze, *Rage
                  | Str+4 Int+4}
  4097 | D:5      | Found a transporter.
  4327 | D:5      | Found a transporter.
  4328 | D:5      | You fall into a shaft and drop 2 floors!
  4384 | D:7      | Reached XP level 8. HP: 52/52 MP: 8/8
  4415 | D:7      | Reached skill level 8 in Short Blades
  4648 | D:6      | Found a stormy altar of Qazlal.
  5402 | D:7      | Reached skill level 9 in Short Blades
  5624 | D:7      | Slain by a wight

Illustrated notes

Levels and vault maps discovered:
D:1:      lemuel_arrival_behind_the_door_small, layout_basic,
          hellmonk_ecumenical_altar_run_dry, serial_shops, shop_statue,
          minmay_surrounded
D:2:      layout_loops_ring, uniq_natasha
D:3:      layout_basic, chequers_temple_overflow_statue_of_worship,
          moated_statue
D:4:      layout_rooms, nicolae_sif_muna_condensation,
          minmay_temple_entry_statues_fountains
D:5:      gammafunk_cloud_chamber, layout_rooms
D:6:      layout_basic, nicolae_qazlal_scattered_showers, minmay_curled_crystal
D:7:      layout_gridville, solitary_fountain

Skill      XL: |  1  2  3  4  5  6  7  8 |
---------------+-------------------------+-----
Stealth        | 1 2 3 4 5 6 8 |  8.5
Short Blades   | 4 5 6 7 9 |  9.2
Fighting       | |  3.0
Dodging        | |  3.0

Action                   |  1- 3 |  4- 6 |  7- 9 || total
-------------------------+-------+-------+-------++-------
Melee: Short sword       |    69 |   111 |    31 ||   211
       Constrict         |    19 |    24 |    30 ||    73
       Tentacles         |    10 |    23 |    36 ||    69
       Dagger            |       |       |    90 ||    90
Throw: Boomerang         |     5 |       |       ||     5
Invok: Trog's Hand       |       |     1 |       ||     1
       Berserk           |       |       |     3 ||     3
  Use: Potion            |       |       |     2 ||     2
       Scroll            |       |       |     3 ||     3
 Stab: Sleeping          |     4 |    19 |     4 ||    27
       Distracted        |       |     1 |     1 ||     2
Armor: Skin              |     1 |    12 |    13 ||    26
Dodge: Dodged            |    48 |    50 |    63 ||   161

Table legend: (Time is in decaauts)
 A = Elapsed time spent in this place.
 B = Non-inter-level travel time spent in this place.
 C = Inter-level travel time spent in this place.
 D = Time resting spent in this place.
 E = Time spent auto-exploring this place.
 F = Levels seen in this place.
 G = Mean time per level.
                   A        B        C        D        E       F      G
               +--------+--------+--------+--------+--------+-----+--------+
         Total |   5590 |   5484 |    106 |   1252 |   3294 |   7 |  798.6 |
       Dungeon |   5590 |   5484 |    106 |   1252 |   3294 |   7 |  798.6 |
               +--------+--------+--------+--------+--------+-----+--------+

Top non-repeatable levels by time:
     D:1: 1243 daAuts
     D:2: 976 daAuts
     D:6: 956 daAuts
     D:4: 856 daAuts
     D:5: 820 daAuts
     D:3: 506 daAuts
     D:7: 229 daAuts
